 Dungeon Crawl Stone Soup version 0.19.1 (console) character file.

178 Morrissey the Agent of Entropy (level 5, -1/41 HPs)
             Began as a Demonspawn Abyssal Knight on Dec 25, 2016.
             Was a Priest of Lugonu.
             Slain by a scorpion (4 damage)
             ... on level 4 of the Dungeon.
             The game lasted 00:04:52 (3153 turns).

Morrissey the Agent of Entropy (DsAK)               Turns: 3153, Time: 00:04:53

Health: -1/41      AC:  5    Str: 13    XL:     5   Next: 32%
Magic:  6/7        EV: 11    Int: 14    God:    Lugonu [***...]
Gold:   191        SH:  0    Dex: 12    Spells: 0 memorised, 4 levels left

rFire  . . .     SeeInvis .     a - +1 spear
rCold  . . .     Gourm    .     h - +0 ring mail (curse)
rNeg   . . .     Faith    .     (no shield)
rPois  .         Spirit   .     (no helmet)
rElec  .         Reflect  .     (no cloak)
rCorr  .         Harm     .     (no gloves)
MR     .....                    (no boots)
Stlth  ++........               (no amulet)
                                (no ring)
                                l - ring of stealth

@: lethally poisoned (-1 -> -7)
A: talons 2, rot immunity
a: Depart the Abyss, Bend Space, Banish, Renounce Religion


You were on level 4 of the Dungeon.
You worshipped Lugonu.
Lugonu was most pleased with you.
You were not hungry.

You visited 1 branch of the dungeon, and saw 4 of its levels.
You visited the Abyss 1 time.

You collected 191 gold pieces.

Inventory:

Hand Weapons
 a - a +1 spear (weapon)
Armour
 h - a cursed +0 ring mail (worn)
Jewellery
 l - a ring of stealth (left hand)
Wands
 b - a wand of polymorph (8/24)
 u - a wand of confusion (18/48)
Scrolls
 d - 2 scrolls of recharging {unknown}
 e - 3 scrolls of fear {unknown}
 g - a scroll of amnesia {unknown}
 j - 5 scrolls of identify {unknown}
 m - 2 scrolls of teleportation {unknown}
 o - a scroll of blinking {unknown}
 x - a scroll of remove curse {unknown}
Potions
 i - a potion of haste {unknown}
 k - a potion of cancellation {unknown}
 n - 3 potions of curing
 p - a potion of lignification {unknown}
 r - a potion of might {unknown}
 t - a potion of degeneration {unknown}
 v - a potion of brilliance {unknown}
Comestibles
 c - 4 bread rations
 f - 2 beef jerkies
 q - a royal jelly
 s - 2 slices of pizza


   Skills:
 - Level 3.0 Fighting
 * Level 3.4 Polearms
 + Level 2.8 Armour
 + Level 2.3 Dodging
 + Level 3.5 Invocations


You had 4 spell levels left.
You didn't know any spells.

Dungeon Overview and Level Annotations

Branches:
Dungeon (4/15)             Temple (0/1) D:4

Altars:
Elyvilon

Shops:
D:4 [


Innate Abilities, Weirdness & Mutations

You have razor-sharp toenails.
You are immune to rotting.


Message History

The scorpion is severely wounded.
The scorpion stings you but does no damage.
Attack whom?
Press: ? - help, Dir - move target cursor, f/p - scorpion
Aim: a scorpion (severely wounded)
You hit the scorpion. Your kick misses the scorpion.
The scorpion is almost dead.
The scorpion stings you!
* * * LOW HITPOINT WARNING * * *
You are lethally poisoned!
The scorpion poisons you!
Attack whom?
Press: ? - help, Dir - move target cursor, f/p - scorpion
Aim: a scorpion (almost dead)
You hit the scorpion.
You claw the scorpion, but do no damage.
The scorpion is almost dead.
* * * LOW HITPOINT WARNING * * *
You feel sick. The scorpion stings you.
You die...

##...# ## ..... #.. .....##
###.# ... ..# ...# #.. ...
... #.###.### #.# #........
#.#############.###.####%.#
#...∩........@s...........#
#.#################.####..#
#.# #.# #.# #.# #.# #.# #.#
..# #.# #.# ### #.# #.# #.#
#.# #.# #.# #.#


You could see a scorpion.

Vanquished Creatures
  An iguana (D:4)
  A worker ant (D:4)
  6 adders
  2 worms
  3 dart slugs
  2 orcs (D:3)
  2 ball pythons (D:3)
  7 bats
  5 giant cockroaches
  7 goblins
  8 hobgoblins
  2 quokkas
  3 frilled lizards
  8 kobolds
  8 rats
65 creatures vanquished.

Notes
Turn   | Place    | Note
-------+----------+-------------------------------------------
     0 | Abyss:1  | Morrissey the Demonspawn Abyssal Knight began the quest for the Orb.
     0 | Abyss:1  | Reached XP level 1. HP: 18/18 MP: 2/2
    32 | Abyss:1  | Found a corrupted altar of Lugonu.
    71 | D:1      | Escaped the Abyss
   183 | D:1      | Reached skill level 1 in Dodging
   285 | D:1      | Gained mutation: You have sharp toenails. [demonic ancestry]
   285 | D:1      | Reached XP level 2. HP: 22/24 MP: 3/3
   443 | D:1      | Reached ** piety under Lugonu
   522 | D:1      | Reached XP level 3. HP: 15/29 MP: 5/5
  1674 | D:3      | Gained mutation: You have razor-sharp toenails. [demonic ancestry]
  1674 | D:3      | Reached XP level 4. HP: 19/35 MP: 6/6
  2300 | D:3      | Found a white marble altar of Elyvilon.
  2769 | D:4      | Found a staircase to the Ecumenical Temple.
  2780 | D:4      | Gained mutation: You are immune to rotting. [demonic ancestry]
  2780 | D:4      | Reached XP level 5. HP: 28/41 MP: 7/7
  2870 | D:4      | Reached *** piety under Lugonu
  3109 | D:4      | Found Riqun's Armour Boutique.
  3153 | D:4      | Slain by a scorpion

Skill      XL: |  1  2  3  4 |
---------------+-------------+-----
Armour         | 2 |  2.8
Dodging        | 1 2 |  2.3
Polearms       | 2 3 |  3.4
Invocations    | 3 |  3.5
Fighting       | |  3.0

Action                   |  1- 3 |  4- 6 || total
-------------------------+-------+-------++-------
Melee: Spear             |   155 |   146 ||   301
       Kick              |    20 |    27 ||    47
Invok: Bend Space        |       |     2 ||     2
  Use: Potion            |       |     1 ||     1
 Stab: Sleeping          |     2 |     3 ||     5
  Eat: Chunk             |     3 |     4 ||     7
Armor: Leather armour    |     9 |       ||     9
       Ring mail         |    27 |    44 ||    71
Dodge: Dodged            |    56 |    58 ||   114
